 Dungeon Crawl Stone Soup version 0.30-a0-141-g30f27751c5 (webtiles) character file.

Game seed: 14568811417805506385

43 qw the Chopper (level 3, -6/23 HPs)
             Began as a Gargoyle Fighter on Sept 25, 2022.
             Mangled by a gnoll
             ... wielding a +0 whip of venom
              (7 damage)
             ... on level 2 of the Dungeon.
             The game lasted 00:00:24 (1053 turns).

qw the Chopper (Gargoyle Fighter)                   Turns: 1053, Time: 00:00:25

Health: -6/23      AC: 10    Str: 21    XL:     3   Next: 58%
Magic:  3/3        EV:  9    Int:  8    God:
Gold:   33         SH:  4    Dex:  9    Spells: 2/2 levels left

rFire   . . .      SeeInvis .    Y - +0 war axe
rCold   . . .      Faith    .    c - +0 buckler
rNeg    + . .      Spirit   .    b - +0 scale mail
rPois   inf        Reflect  .    (no helmet)
rElec   +          Harm     .    (no cloak)
rCorr   .          Rampage  .    (no gloves)
Will    .....                    (no boots)
Stlth   ..........               (no amulet)
HPRegen 0.07/turn                (no ring)
MPRegen 0.08/turn                (no ring)

@: no status effects
A: sickness immunity, AC +3, negative energy resistance 1, electricity
resistance, torment resistance 1, petrification resistance
a: no special abilities


You were on level 2 of the Dungeon.
You visited 1 branch of the dungeon, and saw 2 of its levels.

You collected 33 gold pieces.


Innate Abilities, Weirdness & Mutations

You are immune to sickness and miasma.
Your stone body is resilient. (AC +3)
You are immune to poison.
You resist negative energy. (rN+)
You are resistant to electric shocks. (rElec)
You are resistant to unholy torment.
You are immune to petrification.


   Skills:
 - Level 3.2 Fighting
 + Level 3.5 Axes
 - Level 3.2 Armour
 - Level 3.2 Shields


You had 2 spell levels left.
You didn't know any spells.
Your spell library was empty.

Inventory:

Hand Weapons
 f - a +0 club
 Y - a +0 war axe (weapon)
Missiles
 g - a boomerang (quivered)
Armour
 b - a +0 scale mail (worn)
 c - a +0 buckler (worn)
 e - a +0 plate armour
Jewellery
 o - a ring of fire
Scrolls
 a - a scroll of blinking {unknown}
Potions
 d - a potion of might

Dungeon Overview and Level Annotations

Branches:
Dungeon (2/15)

Altars:


Message History

Found a stone staircase leading down.
The gnoll shouts! x2
You block the gnoll's attack.
A gnoll comes into view. It is wielding a +0 spear.
The gnoll shouts!
The gnoll closely misses you. The gnoll hits you but does no damage.
You slash the gnoll!
The gnoll is severely wounded.
The bat hits you but does no damage. The gnoll barely misses you.
The bat hits you but does no damage. The gnoll barely misses you.
You hit the gnoll.
The gnoll is severely wounded.
You barely miss the gnoll. You slash the bat!
You kill the bat!
The gnoll barely misses you.
You slash the gnoll!
You kill the gnoll!
You closely miss the gnoll. The gnoll misses you. The gnoll closely misses you.
You barely miss the gnoll.
The gnoll hits you with a +0 whip of venom.
You block the gnoll's attack. x2; The gnoll hits you but does no damage.
The gnoll barely misses you. The gnoll closely misses you.
You hit the gnoll.
The gnoll is lightly wounded.
You block the gnoll's attack. The gnoll barely misses you.
The gnoll hits you but does no damage.
You hit the gnoll.
The gnoll is heavily wounded.
The gnoll completely misses you. You block the gnoll's attack.
The gnoll hits you from afar with a +0 spear.
You barely miss the gnoll.
The gnoll is heavily wounded.
The gnoll hits you but does no damage.
The gnoll hits you from afar with a +0 halberd!
Ouch! That really hurt!
You block the gnoll's attack.
The gnoll hits you from afar with a +0 halberd.
The gnoll hits you with a +0 whip of venom!
You die...

# #...######
#.#.# #...#
######...#
.......%..######.
#.###.###(!......
# #.........#..
.....###%#.#....
..#....g@)...#.#
........#.### #
....##gg.... ##.
#.##.##.. .. ..
.# ## # ##. # .>
..


You could see 3 gnolls.

Vanquished Creatures
  A gnoll (D:2)
  A dart slug (D:1)
  4 endoplasms
  2 giant cockroaches (D:1)
  7 goblins
  A hobgoblin (D:1)
  A quokka (D:1)
  5 bats
  2 kobolds (D:1)
  6 rats
30 creatures vanquished.

Notes
Turn   | Place    | Note
-------+----------+-------------------------------------------
     0 | D:1      | qw the Gargoyle Fighter began the quest for the Orb.
     0 | D:1      | Reached XP level 1. HP: 14/14 MP: 1/1
     0 | D:1      | 0 ||| qw: Version: 0.2-a-10-g399e6c4
     0 | D:1      | 0 ||| qw: Game counter: 242
     0 | D:1      | 0 ||| qw: Always use a shield: true
     0 | D:1      | 0 ||| qw: God list: Okawaru
     0 | D:1      | 0 ||| qw: Allow faded altars: false
     0 | D:1      | 0 ||| qw: Do Orc after D:15 true
     0 | D:1      | 0 ||| qw: Do second Lair branch before Depths: true
     0 | D:1      | 0 ||| qw: Lair rune preference: random
     0 | D:1      | 0 ||| qw: Plans: Normal, Zot:1-4, God:TSO, Crypt, Tomb,
                  | Pan, Slime:5, Hells, Abyss, Orb
     0 | D:1      | 0 ||| PLANNING D:1-11
    84 | D:1      | Reached XP level 2. HP: 18/19 MP: 2/2
   289 | D:1      | 289 ||| Stepping ~*~*~tactically~*~*~ (stealth).
   290 | D:1      | 290 ||| Stepping ~*~*~tactically~*~*~ (stealth).
   366 | D:1      | Reached skill level 3 in Axes
   464 | D:1      | Reached XP level 3. HP: 23/23 MP: 3/3
   894 | D:1      | 894 ||| READING scroll labelled ATROES JIBA EBB.
   895 | D:1      | 895 ||| READING scroll labelled UKYR YBIOHU LELL.
   896 | D:1      | 896 ||| READING scroll labelled LAAGHI TONAIT.
   897 | D:1      | 897 ||| READING scroll labelled COCHUNNOKAX.
   998 | D:1      | 998 ||| READING scroll labelled KIAFEY NOSAE.
  1001 | D:1      | 1001 ||| READING 4 scrolls labelled JODUHU DIAS.
  1002 | D:1      | 1002 ||| READING scroll labelled FOUT IFITUO.
  1003 | D:1      | 1003 ||| DRINKING 2 metallic amethyst potions.
  1004 | D:1      | 1004 ||| DROPPING 3 scrolls of vulnerability.
  1005 | D:1      | 1005 ||| DROPPING potion of flight.
  1042 | D:2      | 1042 ||| Stepping ~*~*~tactically~*~*~ (hiding).
  1053 | D:2      | HP: 5/23 [gnoll/+0 halberd (13)]
  1053 | D:2      | HP: 1/23 [gnoll/+0 halberd (4)]
  1053 | D:2      | Mangled by a gnoll

Levels and vault maps discovered:
D:1:      erik_arrival_triangle_small, layout_basic
D:2:      layout_loops_cross, shapermc_ecumenical_altar_pompeii, serial_shops,
          nicolae_shop_trees

Skill      XL: |  1  2 |
---------------+-------+-----
Axes           | 2 3 |  3.5
Fighting       | |  3.2
Armour         | |  3.2
Shields        | |  3.2

Action                   || total
-------------------------++-------
Melee: War axe           ||    82
Throw: Boomerang         ||    24
  Use: Scroll            ||     7
       Potion            ||     1
Armor: Scale mail        ||    45
Dodge: Dodged            ||    46
Block: Buckler           ||    17

Table legend:
 A = Non-vault XP
 B = Vault XP
 C = Vault XP percentage of total XP
 D = Non-vault monster count
 E = Vault monster count
 F = Vault count percentage of total count
                 A         B        C        D         E       F
            +---------+---------+-------+---------+---------+-------
      Total |      62 |       0 |   0.0 |      30 |       0 |   0.0
            +---------+---------+-------+---------+---------+-------
        D:1 |      40 |       0 |   0.0 |      24 |       0 |   0.0
        D:2 |      22 |       0 |   0.0 |       6 |       0 |   0.0
            +---------+---------+-------+---------+---------+-------
